 Dungeon Crawl Stone Soup version 0.31.0-11-ge490571c62 (webtiles) character file.

Game seed: 6521271498180383233

79 olmar the Cudgeller (level 4, 0/35 HPs)
             Began as a Demonspawn Monk on Feb 4, 2024.
             Slain by Eustachio
             ... wielding a +0 rapier
              (3 damage)
             ... on level 4 of the Dungeon.
             The game lasted 00:03:13 (2607 turns).

olmar the Cudgeller (Demonspawn Monk)               Turns: 2607, Time: 00:03:14

Health: 0/35       AC:  2    Str: 13    XL:     4   Next: 17%
Magic:  4/4        EV: 13    Int: 11    God:
Gold:   107        SH:  0    Dex: 15    Spells: 3/3 levels left

rFire   . . .        g - +1 dagger (venom)
rCold   . . .        d - orb {light}
rNeg    . . .        b - +0 robe
rPois   .            (no helmet)
rElec   .            (no cloak)
rCorr   .            (no gloves)
SInv    .            (no boots)
Will    .....        (no amulet)
Stlth   +            (no ring)
HPRegen 0.25/turn    (no ring)
MPRegen 0.09/turn

%: no passive effects
@: glowing
A: powered by pain 1, demonic touch 1
a: no special abilities


You were on level 4 of the Dungeon.
You visited 1 branch of the dungeon, and saw 4 of its levels.

You collected 107 gold pieces.

Inventory:

Hand Weapons
 a - a +0 mace
 g - a +1 dagger of venom (weapon)
Armour
 b - a +0 robe (worn)
 d - an orb of light (worn)
Wands
 r - a wand of iceblast (12)
Scrolls
 e - a scroll of blinking {unknown}
 f - a scroll of teleportation {unknown}
 i - a scroll of fear
 j - a scroll of noise {unknown}
 k - a scroll of vulnerability {unknown}
 l - a scroll of silence {unknown}
 m - 3 scrolls of identify {unknown}
 n - a scroll of summoning {unknown}
 o - a scroll of amnesia {unknown}
 q - a scroll of fog {unknown}
Potions
 h - 2 potions of curing {unknown}
 p - a potion of degeneration {unknown}
 s - a potion of enlightenment {unknown}
 t - 2 potions of brilliance {unknown}


   Skills:
 + Level 3.5 Fighting
 + Level 3.8 Maces & Flails
 + Level 3.2 Dodging
 + Level 0.2 Stealth


You had 3 spell levels left.
You didn't know any spells.
Your spell library contained the following spells:

 Spells                   Type           Power      Damage    Failure   Level
 Ensorcelled Hibernation  Hex/Ice        0%         N/A       47%         2
 Dazzling Flash           Conj/Hex       0%         N/A       71%         3
 Mephitic Cloud           Conj/Alch/Air  0%         N/A       71%         3
 Passwall                 Erth           0%         N/A       71%         3
 Swiftness                Air            0%         N/A       71%         3
 Curse of Agony           Necr           0%         N/A       100%        5
 Silence                  Hex/Air        0%         N/A       100%        5


Dungeon Overview and Level Annotations

Branches:
Dungeon (4/15)
 Temple: D:4-7

Altars:

Annotations:
D:3 2 transporters, mooti9's ghost, novice MiMo
D:4 Eustachio


Innate Abilities, Weirdness & Mutations

You sometimes gain a little power by taking damage.
Your touch may inflict minor irresistible damage on your foes.


Message History

The endoplasm freezes you.
You are frozen.
Eustachio hits you with a +0 rapier. The quokka bites you.
The quokka bites you but does no damage.
Unknown command.
You bump into the rock wall.
The quokka barely misses you. The quokka closely misses you.
The endoplasm hits you.
Eustachio utters an oath, "I will die for my friends!"
Eustachio casts a spell.
Eustachio blinks!
The quokka barely misses you.
Unknown command.
You hit the endoplasm.
The endoplasm is poisoned.
The endoplasm is heavily wounded.
You feel less invigorated.
You feel less confused. The quokka misses you. The quokka bites you.
The endoplasm freezes you.
You are frozen.
The quokka misses you. The quokka closely misses you.
You hit the endoplasm.
The endoplasm is severely wounded.
You kill the endoplasm!
The quokka completely misses you.
The quokka bites you but does no damage.
The quokka bites you.
* * * LOW HITPOINT WARNING * * *
The quokka bites you.
* * * LOW HITPOINT WARNING * * *
You hit the quokka but do no damage.
The quokka is poisoned.
The quokka closely misses you. The quokka bites you.
* * * LOW HITPOINT WARNING * * *
The quokka completely misses you.
Unknown command.
Okay, then.
Unknown command.
You hit Eustachio.
Eustachio looks as sick as possible!
Eustachio is almost dead.
The quokka bites you.
* * * LOW HITPOINT WARNING * * *
The quokka barely misses you. Eustachio hits you with a +0 rapier.
You die...
Eustachio twirls his moustache.

#... #...
#... ...
#### ..###
.... ...
.....
###.##.....
#.r.r.....(
#.#@@#.....
# ##r# ...
#r# . ###


You could see Eustachio (extremely poisoned), a river rat (summoned) and 3
quokkas.

Vanquished Creatures
  An adder zombie (D:2)
  An adder skeleton (D:2)
  2 ribbon worms (D:2)
  A dart slug (D:2)
  A bat zombie (D:2)
  8 endoplasms
  7 giant cockroaches
  6 goblins
  3 hobgoblins
  2 jackals (D:3)
  5 kobolds
  2 quokkas
  7 ball pythons
  A ball python skeleton (D:2)
  8 bats
  2 frilled lizards
  A jackal skeleton (D:2)
  3 rats
61 creatures vanquished.

Notes
Turn   | Place    | Note
-------+----------+-------------------------------------------
     0 | D:1      | olmar the Demonspawn Monk began the quest for the Orb.
     0 | D:1      | Reached XP level 1. HP: 18/18 MP: 1/1
   203 | D:1      | Gained mutation: You sometimes gain a little power by
                  | taking damage. [demonic ancestry]
   203 | D:1      | Reached XP level 2. HP: 24/24 MP: 2/2
   907 | D:1      | Gained mutation: Your touch may inflict minor irresistible
                  | damage on your foes. [demonic ancestry]
   907 | D:1      | Reached XP level 3. HP: 29/29 MP: 3/3
  1769 | D:2      | Found a faded altar of an unknown god.
  1793 | D:2      | Reached XP level 4. HP: 35/35 MP: 4/4
  2167 | D:3      | Found a transporter.
  2169 | D:3      | Noticed mooti9's ghost (novice MiMo)
  2172 | D:3      | Found a transporter.
  2590 | D:4      | Noticed Eustachio
  2607 | D:4      | Slain by Eustachio

Illustrated notes

Levels and vault maps discovered:
D:1:      minmay_arrival_doors, layout_loops_ring, serial_bayou,
          serial_bayou_shore_b, serial_bayou_lagoon_b, serial_bayou_shore_a,
          serial_bayou_crossing, serial_bayou_lake_a, corexii_corridor_pit
D:2:      layout_basic, basic_ecumenical_altar, serial_undead, serial_undead_b,
          serial_undead_f, serial_undead_c, serial_undead_f, serial_undead_e,
          serial_undead_e, serial_undead_a
D:3:      layout_rooms, gammafunk_ghost_mausoleum
D:4:      layout_basic, old_standard_altar, ebering_ghost_rock_garden,
          kennysheep_potato, uniq_duvessa, uniq_natasha, uniq_eustachio

Skill      XL: |  1  2 |
---------------+-------+-----
Maces & Flails | 3 |  3.8
Dodging        | 3 |  3.2
Fighting       | |  3.5
Stealth        | |  0.2

Action                     |  1- 3 |  4- 6 || total
---------------------------+-------+-------++-------
  Melee: Mace              |   159 |    19 ||   178
         Dagger            |       |    10 ||    10
  Throw: Dart              |       |     2 ||     2
    Use: Scroll            |       |     1 ||     1
         Potion            |       |     1 ||     1
 Armour: Robe              |    86 |    27 ||   113
  Dodge: Dodged            |   147 |    42 ||   189
